AoeStats
← PanPixu

Pilgrims

508844304Analyzed
4v4 RM · 8d ago on Sep 24, 2026· 36m 23s· 8 players
Game mode
Random Map
Map size
Large (8 player)
Population
200
Speed
Normal
Resources
Standard
Victory
Conquest
Starting age
Dark Age
Ending age
Imperial Age
RankedLock teamsTeams togetherTeam positionsShared explorationLock speedFull tech treeHidden civsTurbo modeCheats
Victory
Defeat
875
+17
🇩🇰 Sicilians · Denmark
848
+18
🇿🇦 Japanese · South Africa
829
+19
🇨🇿 Vikings · Czechia
756
+21
🇨🇳 Turks · China
922
-20
🇭🇷 Gurjaras · Croatia
904
-19
🇭🇰 Burmese · Hong Kong SAR China
878
-18
🇺🇸 Bohemians · United States
876
-18
PanPixu
3:21 Loom
11:53 Feudal Age
12:34 Double-Bit Axe
13:46 Horse Collar
14:03 Arson
14:07 Man-at-Arms
17:19 Forging
17:09 Scale Mail Armor
20:42 Castle Age
21:46 Squires
22:09 Heavy Plow
22:21 Bow Saw
23:29 Chain Mail Armor
23:20 Fishing Lines
29:45 Gillnets
32:42 Chieftains
35:45 Iron Casting
Cr4mer
12:07 Feudal Age
10:46 Loom
12:35 Fishing Lines
14:53 Gold Mining
14:50 Double-Bit Axe
15:43 Wheelbarrow
20:46 Castle Age
21:30 Gillnets
23:15 Hand Cart
22:57 Stone Mining
24:08 Gold Shaft Mining
23:24 Elite Skirmisher
24:59 Medium Warships
37:48 Imperial Age
HHH2323
4:08 Loom
11:04 Feudal Age
11:35 Man-at-Arms
14:08 Scale Mail Armor
19:49 Castle Age
19:17 Gold Mining
19:18 Stone Mining
20:37 Padded Archer Armor
20:28 Fletching
22:41 Double-Bit Axe
23:49 Thumb Ring
24:31 Leather Archer Armor
24:11 Bodkin Arrow
25:59 Scale Barding Armor
御园莓华世界一かわい
9:55 Feudal Age
12:30 Fishing Lines
16:49 Loom
18:51 Double-Bit Axe
21:49 Castle Age
22:33 Gold Mining
23:23 Medium Warships
23:07 Gillnets
24:46 Stone Mining
25:49 Bow Saw
27:27 Forging
28:41 Squires
31:04 Scale Mail Armor
AEC008
5:21 Loom
13:39 Feudal Age
14:09 Double-Bit Axe
18:24 Wheelbarrow
19:37 Man-at-Arms
22:53 Fletching
sheya1
4:37 Loom
10:01 Feudal Age
11:07 Double-Bit Axe
13:51 Horse Collar
17:35 Castle Age
18:14 Gold Mining
20:18 Bow Saw
22:38 Forging
23:10 Stone Mining
24:00 Gold Shaft Mining
25:26 Wheelbarrow
26:49 Husbandry
27:32 Hand Cart
30:33 Bloodlines
hckwok823
菜鸟
12:31 Feudal Age
14:14 Double-Bit Axe
14:50 Loom
19:12 Castle Age
17:36 Stone Mining
18:25 Forging
26:10 Bloodlines
26:43 Fletching
27:33 Gold Mining
29:30 Bow Saw
29:53 Fishing Lines
32:11 Bodkin Arrow
34:58 Gold Shaft Mining
Connection lost

Rejoining the realm…

Still unreachable

The connection could not be restored.

Session expired

The server has moved on; the page needs a fresh start.